 Dungeon Crawl Stone Soup version 0.30-a0-1002-ga41ad49a19 (webtiles) character file.

Game seed: 15774367269906807250

552 CryoSword the Chiller (level 6, -3/46 HPs)
             Began as a Demigod Ice Elementalist on Apr 5, 2023.
             Shot with an arrow by a centaur (12 damage)
             ... on level 5 of the Dungeon.
             The game lasted 00:09:21 (5028 turns).

CryoSword the Chiller (Demigod Ice Elementalist)    Turns: 5028, Time: 00:09:21

Health: -3/46      AC:  0    Str: 13    XL:     6   Next: 80%
Magic:  4/12       EV: 19    Int: 21    God:
Gold:   75         SH:  0    Dex: 19    Spells: 2/9 levels left

rFire   . . .      SeeInvis .    y - melded +2 hammer (holy)
rCold   . . .      Faith    .    (shield currently unavailable)
rNeg    . . .      Spirit   .    a - melded +0 robe
rPois   .          Reflect  .    (helmet currently unavailable)
rElec   .          Rampage  .    x - melded +0 cloak
rCorr   .                        (gloves currently unavailable)
Will    .....                    (boots currently unavailable)
Stlth   ++                       (no amulet)
HPRegen 0.27/turn                p - melded ring of resist corrosion
MPRegen 0.13/turn                z - melded ring of magical power

@: bat-form, flying, very quick
A: fast, flying, no casting, tiny, high MP 1, forlorn, divine attributes
a: no special abilities


You were on level 5 of the Dungeon.
You were a bat.
You visited 1 branch of the dungeon, and saw 5 of its levels.
You also visited: Sewer.

You collected 275 gold pieces.
You spent 200 gold pieces at shops.

Inventory:

Hand Weapons
 y - a +2 hammer of holy wrath (melded)
   (You found it on level 4 of the Dungeon)
Missiles
 r - 3 boomerangs (quivered)
 v - 2 poisoned darts
Armour
 a - a +0 robe (melded)
 x - a +0 cloak (melded)
   (You took it off Crazy Yiuf on level 4 of the Dungeon)
Jewellery
 p - a ring of resist corrosion (melded)
   (You found it on level 2 of the Dungeon)
 z - a ring of magical power (melded)
   (You bought it in a shop on level 5 of the Dungeon)
Wands
 i - a wand of acid (5)
   (You found it on level 4 of the Dungeon)
Scrolls
 c - 2 scrolls of silence {unknown}
 f - 2 scrolls of enchant weapon {unknown}
 h - 2 scrolls of blinking {unknown}
 m - 2 scrolls of fog
 n - 2 scrolls of acquirement {unknown}
 o - 2 scrolls of amnesia {unknown}
 q - a scroll of poison {!r}
 s - a scroll of magic mapping {unknown}
 u - a scroll of fear {unknown}
 w - a scroll of vulnerability {unknown}
Potions
 b - a potion of magic
 d - 2 potions of berserk rage {unknown}
 e - 2 potions of cancellation {unknown}
 g - a potion of lignification {unknown}
 j - 3 potions of flight
 k - 3 potions of mutation {!q}
 l - 3 potions of curing {@q1}
 t - 2 potions of brilliance


   Skills:
 + Level 0.4 Fighting
 - Level 2.0 Dodging
 - Level 2.0 Stealth
 + Level 2.1 Spellcasting
 + Level 0.4 Summonings
 * Level 7.5 Ice Magic


You had 2 spell levels left.
You knew the following spells:

 Your Spells              Type           Power      Damage    Failure   Level
a - Freeze                Ice            100%       1d10      1%          1
b - Frozen Ramparts       Ice            66%        1d10      1%          3
c - Ozocubu's Armour      Ice            33%        N/A       1%          3

Your spell library contained the following spells:

 Spells                   Type           Power      Damage    Failure   Level
 Ensorcelled Hibernation  Hex/Ice        36%        N/A       4%          2
 Apportation              Tloc           4%         N/A       14%         1
 Summon Ice Beast         Ice/Summ       19%        N/A       28%         4
 Inner Flame              Hex/Fire       2%         N/A       41%         3
 Kindle Blastsparks       Fire/Tloc/Air  4%         2d10      41%         3
 Spider Form              Tmut/Pois      2%         N/A       41%         3
 Anguish                  Hex/Necr       1%         N/A       82%         4
 Cause Fear               Hex            1%         N/A       82%         4
 Flame Wave               Conj/Fire      2%         2d4       82%         4
 Fulminant Prism          Conj/Hex       1%         3d5       82%         4
 Iskenderun's Mystic Bla  Conj/Tloc      2%         2d3       82%         4
 Sticky Flame             Conj/Fire      2%         2d3       82%         4
 Alistair's Intoxication  Tmut/Pois      1%         N/A       99%         5
 Lee's Rapid Deconstruct  Erth           1%         3d4*      99%         5
 Discord                  Hex            1%         N/A       100%        8


Dungeon Overview and Level Annotations

Branches:
Dungeon (5/15)              Sewer (visited)
 Temple: D:4-7

Shops:
D:5 =

Annotations:
D:3 3 runed translucent doors, paps's ghost, amateur OpSu


Innate Abilities, Weirdness & Mutations

You are a bat.
You are tiny and dextrous.
You move quickly.
You are flying.
Your equipment is almost entirely melded.
You are incapable of wielding weapons or throwing items.
You cannot cast spells.
You have an increased reservoir of magic. (+10% MP)
You shall have no god before yourself.
Your divine heritage dramatically boosts your attributes as you level up.


Message History

You destroy the goblin zombie!
No target in view!
The frozen ramparts melt away.
w - a scroll labelled AGITROXKAR
There is a stone staircase leading down here.
Key pressed, stopping explore.
Crazy Yiuf shouts!
Could not explore, unopened runed door.
Could not explore, unopened runed door.
A film of ice covers your body!
You can't see any susceptible monsters within range! (Use Z to cast anyway.)
You can't see any susceptible monsters within range! (Use Z to cast anyway.)
The walls around you are covered in ice.
As you open the door, it creaks loudly!
The wall freezes Crazy Yiuf!
Crazy Yiuf grits, "Paint!"
Aim: Crazy Yiuf, wielding a +3 quarterstaff of chaos and wearing a +0 cloak (heavily wounded)
You freeze Crazy Yiuf!
The wall freezes Crazy Yiuf.
You kill Crazy Yiuf!
Your icy armour cracks and falls away as you move.
The frozen ramparts melt away as you move.
x - a +0 cloak
There is an open translucent door here.
Things that are here:
a +3 quarterstaff of chaos; the gnoll corpse of Crazy Yiuf You see here a +2 hammer of holy wrath.
y - a +2 hammer of holy wrath Your +2 hammer of holy wrath softly glows with a divine radiance!
y - a +2 hammer of holy wrath (weapon)
You drop a +0 rapier.
You start putting on your armour.
You continue putting on your +0 cloak. x4
You finish putting on your +0 cloak.
Done exploring.
Done exploring.
There is an open translucent door here.
Things that are here:
a +3 quarterstaff of chaos; the gnoll corpse of Crazy Yiuf
There is a stone staircase leading down here.
You climb downwards.
Found a potion of curing.
There is a stone staircase leading up here.
The helpless iguana fails to defend itself.
You hit the iguana but do no damage. The iguana bites you!
You hit the iguana. The iguana closely misses you.
A stone staircase leading up.
The walls around you are covered in ice.
The wall freezes the iguana.
The iguana seems to slow down.
The iguana bites you!
You are too injured to fight recklessly!
You are too injured to fight recklessly!
Aim: an iguana (moderately wounded, slow)
You freeze the iguana.
The wall freezes the iguana but does no damage.
The iguana completely misses you.
Aim: an iguana (heavily wounded, slow)
You freeze the iguana.
The iguana seems to slow down.
The wall freezes the iguana!
You kill the iguana!
You can't see any susceptible monsters within range! (Use Z to cast anyway.) Unknown command.
The frozen ramparts melt away.
A jelly comes into view.
A jelly is nearby!
A jelly is nearby!
Unknown command.
A jelly is nearby!
A jelly is nearby!
You climb upwards.
There is a stone staircase leading down here.
Done exploring.
You climb downwards.
There is a stone staircase leading up here.
You see here an iguana corpse.
Found a barding.
Found 4 stones.
A jelly is nearby!
Found a wand of acid (3).
Found a murky pink potion and 16 gold pieces.
You can't see any susceptible monsters within range! (Use Z to cast anyway.)
The jelly hits you but does no damage.
You hit the jelly.
Your hands burn!
The jelly hits you.
You are splashed with acid.
You resist.
Aim: a jelly (lightly wounded)
You freeze the jelly! The jelly hits you.
You are splashed with acid.
You resist.
Aim: a jelly (almost dead)
You freeze the jelly. The jelly barely misses you.
A jelly is nearby!
Aim: a jelly (almost dead)
You freeze the jelly!
You kill the jelly!
l - 3 potions of curing {@q1} (gained 1)
Found Ryxesaigu's Jewellery Emporium.
i - a wand of acid (5) (gained 3 charges)
You now have 275 gold pieces (gained 16).
Found an escape hatch in the floor.
g - a murky pink potion You enter the shallow water.
Moving in this stuff is going to be slow.
There is an entrance to Ryxesaigu's Jewellery Emporium here.
z - a ring of magical power Thank you for shopping at Ryxesaigu's Jewellery Emporium!
You feel your magic capacity increase.
z - a ring of magical power (right hand)
You enter the shallow water.
Moving in this stuff is going to be slow.
Found an escape hatch in the ceiling.
Found a short sword.
A centaur comes into view.
It is wielding a +0 long sword and carrying a wand of polymorph (10).
The centaur moves out of view.
The centaur shouts!
The centaur unwields a +0 long sword.
The centaur wields a +0 shortbow.
The centaur shoots an arrow.
The arrow hits you!
The centaur shoots an arrow.
The arrow barely misses you.
The centaur zaps a wand.
You resist with some effort.
The centaur shoots an arrow.
The arrow hits you!
The centaur unwields a +0 shortbow.
The centaur wields a +0 long sword.
The centaur closely misses you.
The centaur kicks you but does no damage.
Aim: a centaur, wielding a +0 long sword and carrying a wand of polymorph (9)
You freeze the centaur. The centaur misses you.
The centaur kicks you but does no damage.
The centaur hits you with a +0 long sword!
The centaur kicks you.
Aim: a centaur, wielding a +0 long sword and carrying a wand of polymorph (9) (moderately wounded)
You freeze the centaur. The centaur closely misses you.
The centaur kicks you but does no damage.
Aim: a centaur, wielding a +0 long sword and carrying a wand of polymorph (9) (heavily wounded)
You freeze the centaur.
The centaur hits you with a +0 long sword!
* * * LOW HITPOINT WARNING * * *
The centaur kicks you.
* * * LOW HITPOINT WARNING * * *
The centaur zaps a wand.
You turn into a bat.
Your +2 hammer of holy wrath melds into your body.
Your +0 cloak melds into your body.
Your +0 robe melds into your body.
Your ring of resist corrosion melds into your body.
Your ring of magical power melds into your body.
Your +2 hammer of holy wrath stops glowing.
You feel your magic capacity decrease.
You can't do that in your present form.
Unknown command.
The centaur unwields a +0 long sword.
The centaur wields a +0 shortbow.
The centaur shoots an arrow.
The arrow hits you.
* * * LOW HITPOINT WARNING * * *
The centaur shoots an arrow.
The arrow misses you.
The centaur shoots an arrow.
The arrow hits you!
You die...

.. #..# .. #..# . . #..#
########## ..#.#..##
#........#
....#...####........#
...#.......#........#
#...<.....+........#
##...†....#.....##########
##.####.....[(b.≈≈≈......
#...........##~~~≈≈.##
######...##.....∩≈≈.#
#...##..#~~≈≈≈.#
#...##..#.≈≈≈..#
########..c.....#
<..........###############
.........>.## #........
............#### #........


You could see a centaur.

Vanquished Creatures
  2 jellies
  Crazy Yiuf (D:4)
  2 orc priests
  Terence (D:3)
  An iguana (D:5)
  2 orc wizards
  4 river rats (Sewer)
  12 adders
  A worm (D:3)
  A dart slug (D:2)
  19 orcs
  6 endoplasms
  10 giant cockroaches
  5 goblins
  13 hobgoblins
  6 jackals (Sewer)
  13 quokkas
  14 ball pythons
  15 bats
  5 frilled lizards
  2 goblin zombies (D:4)
  4 kobolds
  4 rats
143 creatures vanquished.

Vanquished Creatures (others)
  5 plants (D:4)
5 creatures vanquished.

Grand Total: 148 creatures vanquished

Notes
Turn   | Place    | Note
-------+----------+-------------------------------------------
     0 | D:1      | CryoSword the Demigod Ice Elementalist began the quest for
                  | the Orb.
     0 | D:1      | Reached XP level 1. HP: 14/14 MP: 5/5
   160 | D:1      | Reached skill level 4 in Ice Magic
   213 | D:1      | Reached XP level 2. HP: 18/20 MP: 1/7
  1133 | D:1      | Reached XP level 3. HP: 20/26 MP: 6/8
  1137 | D:1      | Learned a level 3 spell: Frozen Ramparts
  1997 | D:3      | Reached skill level 5 in Ice Magic
  2035 | D:3      | Reached XP level 4. HP: 33/33 MP: 7/9
  2051 | D:3      | Learned a level 3 spell: Ozocubu's Armour
  2134 | D:3      | Found a runed translucent gate.
  2135 | D:3      | Found a runed translucent gate.
  2135 | D:3      | Found a runed translucent gate.
  2136 | D:3      | Noticed paps's ghost (amateur OpSu)
  2861 | D:3      | Reached XP level 5. HP: 34/38 MP: 2/10
  3308 | D:3      | Noticed Terence
  3317 | D:3      | Killed Terence
  3318 | D:3      | Reached skill level 6 in Ice Magic
  3661 | D:4      | Found a runed translucent door.
  3788 | D:4      | Found a glowing drain.
  3796 | Sewer    | Entered a sewer
  4006 | Sewer    | Reached XP level 6. HP: 13/45 MP: 2/11
  4236 | D:4      | Reached skill level 7 in Ice Magic
  4711 | D:4      | Noticed Crazy Yiuf
  4717 | D:4      | Killed Crazy Yiuf
  4802 | D:5      | Entered Level 5 of the Dungeon
  4918 | D:5      | Found Ryxesaigu's Jewellery Emporium.
  4933 | D:5      | Bought a ring of magical power for 200 gold pieces
  5028 | D:5      | Shot with an arrow by a centaur

Illustrated notes

Levels and vault maps discovered:
D:1:      dpeg_arrival_renting, layout_loops_ring, dk_noncrumbling_3
D:2:      layout_loops_ring, basic_altar
D:3:      layout_basic, ebering_ghost_rock_garden,
          chequers_serial_rivers_large_a, uniq_terence
D:4:      cheibrodos_old_hovel, layout_rooms, gup_sewer_entry_pipe,
          enter_ossuary_4, uniq_crazy_yiuf_cottage
D:5:      layout_basic, minmay_overflow_temple_hex, minmay_temple_entry_arrows,
          serial_shops, nicolae_shop_waterfront, kennysheep_path_1

Skill      XL: |  1  2  3  4  5  6 |
---------------+-------------------+-----
Ice Magic      | 4 5 6 7 |  7.5
Dodging        | 2 |  2.0
Stealth        | 2 |  2.0
Spellcasting   | 2 |  2.1
Fighting       | |  0.4
Summonings     | |  0.4

Action                     |  1- 3 |  4- 6 || total
---------------------------+-------+-------++-------
  Melee: Rapier            |    39 |    84 ||   123
         Whip              |     2 |       ||     2
         Mace              |       |     3 ||     3
  Throw: Boomerang         |       |     1 ||     1
   Cast: Freeze            |    60 |    60 ||   120
         Frozen Ramparts   |       |    16 ||    16
         Ozocubu's Armour  |       |     8 ||     8
    Use: Potion            |       |     3 ||     3
         Scroll            |       |     7 ||     7
   Stab: Sleeping          |     7 |     4 ||    11
         Distracted        |       |     1 ||     1
 Armour: Robe              |    13 |    26 ||    39
  Dodge: Dodged            |    65 |    81 ||   146

Table legend: (Time is in decaauts)
 A = Elapsed time spent in this place.
 B = Non-inter-level travel time spent in this place.
 C = Inter-level travel time spent in this place.
 D = Time resting spent in this place.
 E = Time spent auto-exploring this place.
 F = Levels seen in this place.
 G = Mean time per level.
                   A        B        C        D        E       F      G
               +--------+--------+--------+--------+--------+-----+--------+
         Total |   5140 |   4996 |    144 |    194 |   3525 |   6 |  856.7 |
       Dungeon |   4669 |   4525 |    144 |    194 |   3525 |   5 |  933.8 |
         Sewer |    470 |    470 |      0 |      0 |      0 |   1 |  470.0 |
               +--------+--------+--------+--------+--------+-----+--------+

Top non-repeatable levels by time:
     D:3: 1656 daAuts
     D:1: 1197 daAuts
     D:4: 799 daAuts
     D:2: 798 daAuts
   Sewer: 470 daAuts
     D:5: 217 daAuts
